 Dungeon Crawl Stone Soup version 0.29-a0-653-gd47aff6735 (webtiles) character file.

Game seed: 3801222318605310784

80 Rocko1345 the Grave Robber (level 4, 0/33 HPs)
             Began as a Draconian Necromancer on June 22, 2022.
             Was a Follower of Wu Jian.
             Slain by an orc wizard
             ... wielding a +0 dagger
              (3 damage)
             ... on level 4 of the Dungeon.
             The game lasted 00:11:51 (2698 turns).

Rocko1345 the Grave Robber (Draconian Necromancer)  Turns: 2698, Time: 00:11:52

Health: 0/33       AC:  5    Str: 11    XL:     4   Next: 18%
Magic:  7/7        EV: 12    Int: 17    God:    Wu Jian [*.....]
Gold:   241        SH:  5    Dex: 17    Spells: 1/7 levels left

rFire   . . .      SeeInvis .   c - +2 spear (vorpal)
rCold   . . .      Faith    .   (no shield)
rNeg    . . .      Spirit   .   (body armour unavailable)
rPois   .          Reflect  +   (helmet restricted)
rElec   .          Harm     .   (no cloak)
rCorr   .          Rampage  .   (no gloves)
Will    +....                   (no boots)
Stlth   ++........              s - amulet of reflection
HPRegen 0.91/turn               q - +6 ring of dexterity
MPRegen 0.10/turn               (no ring)

@: about to teleport
A: AC +5, unfitting armour, cold-blooded, strong-willed 1, mutation resistance
1, regeneration 1, wild magic 1
a: Renounce Religion


You were on level 4 of the Dungeon.
You worshipped Wu Jian.
Wu Jian was aware of your devotion.
You visited 1 branch of the dungeon, and saw 4 of its levels.

You collected 241 gold pieces.

Inventory:

Hand Weapons
 b - a +0 whip
 c - a +2 vorpal spear (weapon)
 t - a +1 vampiric hand axe
Jewellery
 q - a +6 ring of dexterity (left hand)
 s - an amulet of reflection (around neck)
 w - an amulet of guardian spirit
Wands
 y - a wand of iceblast (7)
Scrolls
 f - a scroll of vulnerability {unknown}
 h - a scroll of enchant armour {unknown}
 i - a scroll of magic mapping {unknown}
 k - 3 scrolls of teleportation
 l - a scroll of blinking {unknown}
 p - 2 scrolls of noise
 u - a scroll of amnesia {unknown}
 z - a scroll of fear {unknown}
 A - 2 scrolls of immolation
Potions
 a - a potion of magic
 d - a potion of attraction {unknown}
 e - a potion of flight {unknown}
 g - 3 potions of degeneration
 j - 2 potions of brilliance
 m - a potion of resistance {unknown}
 n - a potion of invisibility {unknown}
 o - a potion of mutation
 r - a potion of cancellation {unknown}
 v - a potion of curing {unknown}
 x - a potion of lignification {unknown}
 B - a potion of heal wounds {unknown}


   Skills:
 + Level 0.2 Fighting
 + Level 0.6 Polearms
 + Level 2.0 Dodging
 + Level 2.2 Stealth
 + Level 2.4 Spellcasting
 + Level 5.0 Necromancy


You had one spell level left.
You knew the following spells:

 Your Spells              Type           Power      Damage    Failure   Level
a - Necrotize             Necr           100%       1d9       4%          1
b - Vampiric Draining     Necr           25%        2d7       11%         3
c - Sublimation of Blood  Necr           25%        N/A       6%          2

Your spell library contained the following spells:

 Spells                   Type           Power      Damage    Failure   Level
 Sandblast                Erth           4%         2d4       26%         1
 Animate Dead             Necr           25%        N/A       32%         4
 Passwall                 Tmut/Erth      1%         N/A       36%         2
 Wereblood                Tmut           2%         N/A       36%         2
 Stone Arrow              Conj/Erth      4%         3d7       58%         3
 Agony                    Necr           25%        N/A       63%         5
 Summon Hydra             Summ           1%         N/A       100%        7


Dungeon Overview and Level Annotations

Branches:
Dungeon (4/15)
 Temple: D:4-7

Altars:
Nemelex Xobeh
Wu Jian


Innate Abilities, Weirdness & Mutations

Your plain brown scales are hard. (AC +5)
You cannot fit into any form of body armour.
You are cold-blooded and may be slowed by cold attacks.
You are strong-willed. (Will+)
You are somewhat resistant to further mutation.
Your natural rate of healing is unusually fast.
Your spells are a little harder to cast, but a little more powerful.


Message History

The adder is severely wounded.
The adder barely misses you.
Reach: c) +2 spear (vorpal)
Press: ? - help, Dir - move target, f/p - adder
Aim: an adder (severely wounded, about 52% to evade your +2 vorpal spear)
You closely miss the adder.
You tail-slap the adder, but do no damage.
The adder is severely wounded.
The adder closely misses you. The adder barely misses you.
Reach: c) +2 spear (vorpal)
Press: ? - help, Dir - move target, f/p - adder
Aim: an adder (severely wounded, about 52% to evade your +2 vorpal spear)
You hit the adder.
You kill the adder!
The Council accepts your kill.
Your Dodging skill increases to level 2!
You block something's attack.
A magic dart appears from out of thin air!
The magic dart hits you!
Okay, then.
Okay, then.
A goblin comes into view. It is wielding a +0 dagger.
It was a potion of mutation.
You feel extremely strange.
You begin to heal more quickly.
You feel less in control of your magic.
You feel strong-willed.
You feel genetically stable.
Reach: c) +2 spear (vorpal)
Press: ? - help, Dir - move target, f - black bear
Aim: a black bear (about 29% to evade your +2 vorpal spear)
The goblin shouts!
You hit the black bear.
The black bear is lightly wounded.
Something hits you. The black bear bites you.
* * * LOW HITPOINT WARNING * * *
The black bear claws you.
* * * LOW HITPOINT WARNING * * *
The black bear barely misses you.
Unknown command.
As you read the scroll of teleportation, it crumbles to dust.
You feel strangely unstable. Something hits you.
You die...

........###o....## ≈≈≈
...........#.)h.########
.......†##.h............
.........###.)........##
.........# ##....######
.......o.## #....# #
..........# ##...# ##
......o{h.# #....# ##.
.......@..# ##...# #...
...........# #.........
...........# ..##......
##........... ## ......
#..g........## .....
#...##....### ..... ...#
...### ...# ... .### ##


You could see a black bear, 2 orcs and a goblin.

Vanquished Creatures
  2 adders
  An ufetubus (D:3)
  A dart slug (D:1)
  3 orcs
  5 ball pythons
  3 bats
  2 endoplasms (D:1)
  3 giant cockroaches
  4 goblins
  7 hobgoblins
  4 jackals (D:2)
  4 kobolds
  A quokka (D:2)
  A frilled lizard (D:1)
  3 rats
44 creatures vanquished.

Vanquished Creatures (collateral kills)
  A bat (D:1)
  A goblin (D:3)
2 creatures vanquished.

Grand Total: 46 creatures vanquished

Notes
Turn   | Place    | Note
-------+----------+-------------------------------------------
     0 | D:1      | Rocko1345 the Draconian Necromancer began the quest for the
                  | Orb.
     0 | D:1      | Reached XP level 1. HP: 14/14 MP: 3/3
    96 | D:1      | Found a faded altar of an unknown god.
   117 | D:1      | Reached XP level 2. HP: 20/20 MP: 1/5
  1011 | D:1      | Prayed at the altar of an unknown god.
  1011 | D:1      | Became a worshipper of the Wu Jian Council
  1011 | D:1      | Reached * piety under Wu Jian
  1055 | D:2      | Found a sparkling altar of Nemelex Xobeh.
  1209 | D:2      | Reached XP level 3. HP: 26/26 MP: 6/6
  1213 | D:2      | Learned a level 3 spell: Vampiric Draining
  1785 | D:3      | Found a sparkling altar of Nemelex Xobeh.
  1860 | D:3      | Learned a level 2 spell: Sublimation of Blood
  2222 | D:3      | Reached skill level 5 in Necromancy
  2669 | D:4      | Noticed a black bear
  2674 | D:4      | Reached XP level 4. HP: 30/33 MP: 7/7
  2696 | D:4      | Gained mutation: Your natural rate of healing is unusually
                  | fast. [potion of mutation]
  2696 | D:4      | Gained mutation: Your spells are a little harder to cast,
                  | but a little more powerful. [potion of mutation]
  2696 | D:4      | Gained mutation: You are strong-willed. (Will+) [potion of
                  | mutation]
  2696 | D:4      | Gained mutation: You are somewhat resistant to further
                  | mutation. [potion of mutation]
  2698 | D:4      | Slain by an orc wizard

Illustrated notes

Levels and vault maps discovered:
D:1:      minmay_arrival_up_and_down, layout_loops_ring,
          ebering_ecumenical_altar_webs
D:2:      layout_rooms, basic_altar, hangedman_abyss_or_decor_lesser_grid
D:3:      layout_basic, old_standard_altar, chequers_serial_rivers_marsh,
          interstate_on_off
D:4:      cheibrodos_helix_gallery, layout_cave_pods, lemuel_temple_firewalk_b,
          uniq_natasha

Skill      XL: |  1  2  3  4 |
---------------+-------------+-----
Stealth        | 2 |  2.2
Necromancy     | 5 |  5.0
Dodging        | 2 |  2.0
Fighting       | |  0.2
Polearms       | |  0.6
Spellcasting   | |  2.4

Action                   |  1- 3 |  4- 6 || total
-------------------------+-------+-------++-------
Melee: Spear             |    65 |     9 ||    74
       Tailslap          |     4 |     1 ||     5
 Cast: Necrotize         |    29 |       ||    29
Invok: Lunge             |     1 |       ||     1
       Whirlwind         |    23 |     5 ||    28
  Use: Scroll            |     5 |     1 ||     6
       Potion            |       |     1 ||     1
 Stab: Sleeping          |     3 |       ||     3
Armor: Skin              |    18 |     3 ||    21
Dodge: Dodged            |    40 |    11 ||    51
Block: Other             |    15 |     1 ||    16
       Reflection        |     3 |       ||     3

Table legend: (Time is in decaauts)
 A = Elapsed time spent in this place.
 B = Non-inter-level travel time spent in this place.
 C = Inter-level travel time spent in this place.
 D = Time resting spent in this place.
 E = Time spent auto-exploring this place.
 F = Levels seen in this place.
 G = Mean time per level.
                   A        B        C        D        E       F      G
               +--------+--------+--------+--------+--------+-----+--------+
         Total |   2703 |   2550 |    153 |    213 |   1575 |   4 |  675.8 |
       Dungeon |   2703 |   2550 |    153 |    213 |   1575 |   4 |  675.8 |
               +--------+--------+--------+--------+--------+-----+--------+

Top non-repeatable levels by time:
     D:1: 1054 daAuts
     D:3: 795 daAuts
     D:2: 670 daAuts
     D:4: 183 daAuts
